 Dungeon Crawl Stone Soup version 0.31-a0-188-g5e087ee2ca (webtiles) character file.

Game seed: 4194950396121670553

80 qw the Shooter (level 4, -12/25 HPs)
             Began as a Deep Elf Hunter on June 23, 2023.
             Killed by divine providence
             ... invoked by an orc priest
              (15 damage)
             ... on level 3 of the Dungeon.
             The game lasted 00:00:36 (1384 turns).

qw the Shooter (Deep Elf Hunter)                    Turns: 1384, Time: 00:00:37

Health: -12/25     AC:  5    Str: 10    XL:     4   Next: 18%
Magic:  6/6        EV: 11    Int: 14    God:
Gold:   180        SH:  0    Dex: 18    Spells: 3/3 levels left

rFire   . . .        Y - +0 shortbow
rCold   . . .        (shield currently unavailable)
rNeg    . . .        b - +0 ring mail
rPois   .            (no helmet)
rElec   .            (no cloak)
rCorr   .            (no gloves)
SInv    .            (no boots)
Will    .....        (no amulet)
Stlth   +            (no ring)
HPRegen 0.24/turn    (no ring)
MPRegen 0.10/turn

%: no passive effects
@: no status effects
A: no striking features
a: no special abilities


You were on level 3 of the Dungeon.
You visited 1 branch of the dungeon, and saw 3 of its levels.

You collected 180 gold pieces.


   Skills:
 - Level 1.5 Fighting
 + Level 7.6 Ranged Weapons
 - Level 2.4 Dodging
 - Level 1.2 Stealth


You had 3 spell levels left.
You didn't know any spells.
Your spell library was empty.

Inventory:

Hand Weapons
 Y - a +0 shortbow (weapon)
Armour
 b - a +0 ring mail (worn)
Scrolls
 a - 4 scrolls of identify

Dungeon Overview and Level Annotations

Branches:
Dungeon (3/15)

Altars:
Ashenzari
Qazlal
Sif Muna


Message History

An orc comes into view. It is wielding a +0 flail.
You shoot an arrow. The arrow hits the orc.
The orc is moderately wounded.
The orc barely misses you.
You shoot an arrow. The arrow closely misses the orc.
The arrow closely misses the orc priest.
The orc priest shouts!
You shoot an arrow. The arrow barely misses the orc.
The orc hits you with a +0 short sword.
The orc priest hits you with a +0 dagger.
An orc comes into view. It is wielding a +0 short sword.
You shoot an arrow. The arrow completely misses the orc.
The orc barely misses you.
The orc priest hits you with a +0 dagger.
You shoot an arrow. The arrow hits the orc!
You kill the orc!
The orc priest closely misses you.
A kobold comes into view. It is wielding a +0 dagger.
You shoot an arrow. The kobold shouts!
The arrow hits the orc priest.
The orc priest is moderately wounded.
The orc priest closely misses you.
You shoot an arrow. The arrow hits the orc!
You kill the orc!
The orc priest invokes the aid of Beogh against you.
Pain shoots through your body!
You shoot an arrow.
The arrow closely misses the orc priest.
The arrow hits the orc priest.
The orc priest is heavily wounded.
The orc priest calls down the wrath of Beogh upon you.
Beogh smites you!
The orc priest miscasts a cantrip.
You shoot an arrow. The arrow hits the orc priest!
The orc priest is severely wounded.
The orc priest mumbles some strange prayers to Beogh against you.
Beogh smites you!
Ouch! That really hurt!
You die...

###....##.#..# #
###...#.##.#
#####.#...##.##
......#..###..###
########.# ##...#
.# #...# . ..
#...# ... ..#
#%..###.....
#.%.@ooK....
#......o.......
###.%.#####.###
......# ..
#.....# # ##.}..#
##...# ##..


You could see 2 orc priests, an orc and a kobold.

Vanquished Creatures
  2 adders
  4 worms
  A dart slug (D:3)
  2 orcs (D:3)
  5 ball pythons
  4 bats
  4 endoplasms
  2 giant cockroaches (D:1)
  A goblin (D:1)
  5 hobgoblins
  5 kobolds
  4 frilled lizards
  5 rats
44 creatures vanquished.

Notes
Turn   | Place    | Note
-------+----------+-------------------------------------------
     0 | D:1      | qw the Deep Elf Hunter began the quest for the Orb.
     0 | D:1      | Reached XP level 1. HP: 12/12 MP: 3/3
     0 | D:1      | 0 ||| qw: Version: 0.3-a-9-g12657ce
     0 | D:1      | 0 ||| qw: Game counter: 3675
     0 | D:1      | 0 ||| qw: Always use a shield: true
     0 | D:1      | 0 ||| qw: God list: Okawaru
     0 | D:1      | 0 ||| qw: Allow faded altars: false
     0 | D:1      | 0 ||| qw: Do Orc after D:15 true
     0 | D:1      | 0 ||| qw: Do second Lair branch before Depths: true
     0 | D:1      | 0 ||| qw: Lair rune preference: random
     0 | D:1      | 0 ||| qw: Plans: Normal
     0 | D:1      | 0 ||| PLANNING D:1-11
    67 | D:1      | Reached XP level 2. HP: 16/16 MP: 4/4
   172 | D:1      | Reached skill level 6 in Ranged Weapons
   455 | D:1      | 455 ||| READING scroll labelled HOANIRY BOUPROHETO.
   456 | D:1      | 456 ||| READING scroll labelled AMENEZ COTU.
   557 | D:1      | 557 ||| READING scroll labelled ABIDWOMAMO.
   558 | D:1      | 558 ||| DROPPING scroll of butterflies.
   618 | D:2      | Reached XP level 3. HP: 20/20 MP: 5/5
   903 | D:2      | Found a broken altar of Ashenzari.
   966 | D:2      | Reached skill level 7 in Ranged Weapons
  1004 | D:2      | 1004 ||| UPGRADING to +0 ring mail.
  1014 | D:2      | 1014 ||| DROPPING +0 leather armour.
  1015 | D:2      | 1015 ||| READING scroll labelled DICUUTZ SOUDE.
  1016 | D:2      | 1016 ||| READING scroll labelled LEOPHA OTZEGH.
  1046 | D:3      | 1046 ||| STAIRDANCE
  1063 | D:3      | 1063 ||| STAIRDANCE
  1068 | D:2      | HP: 3/20 [worm (5)]
  1208 | D:3      | Found a shimmering blue altar of Sif Muna.
  1330 | D:3      | Found a stormy altar of Qazlal.
  1355 | D:3      | Reached XP level 4. HP: 25/25 MP: 6/6
  1383 | D:3      | HP: 3/25 [orc priest/divine providence (7)]
  1384 | D:3      | Killed from afar by an orc priest

Levels and vault maps discovered:
D:1:      amcnicky_arrival_choice, layout_rooms, kennysheep_doodads
D:2:      layout_rooms, basic_altar, minmay_misc_feat_hallway
D:3:      layout_rooms, mainiacjoe_overflow_big_doors,
          nicolae_overflow_ecumenical_swirl, shapermc_ecumenical_altar_pompeii,
          pf_guarded_unrand_meek

Skill      XL: |  1  2  3 |
---------------+----------+-----
Ranged Weapons | 6 7 |  7.6
Fighting       | |  1.5
Dodging        | |  2.4
Stealth        | |  1.2

Action                     |  1- 3 |  4- 6 || total
---------------------------+-------+-------++-------
   Fire: Shortbow          |   133 |    25 ||   158
    Use: Scroll            |     5 |       ||     5
 Armour: Leather armour    |    16 |       ||    16
         Ring mail         |     3 |     2 ||     5
  Dodge: Dodged            |    33 |     8 ||    41

Table legend:
 A = Non-vault XP
 B = Vault XP
 C = Vault XP percentage of total XP
 D = Non-vault monster count
 E = Vault monster count
 F = Vault count percentage of total count
                 A         B        C        D         E       F
            +---------+---------+-------+---------+---------+-------
      Total |     115 |       0 |   0.0 |      44 |       0 |   0.0
            +---------+---------+-------+---------+---------+-------
        D:1 |      33 |       0 |   0.0 |      20 |       0 |   0.0
        D:2 |      48 |       0 |   0.0 |      16 |       0 |   0.0
        D:3 |      34 |       0 |   0.0 |       8 |       0 |   0.0
            +---------+---------+-------+---------+---------+-------
